Map: Ruins of Endion

Players

azarot

  • Race: Zerg Zerg
  • League: Master

Miszu - Winner!

  • Race: Terran Terran
  • League: Master

VOD

Have the link to the VOD?

Description

Time

  • Played on: April 18, 2016, 3:06 p.m.
  • Length: 12:42
Show
View Real Time Build Order
Export as new Build Order

azarot Zerg 

Build Orders: Hatch First 

Get SALT Encoding   

  12  0:01  Drone  
  13  0:09  Drone  
  14  0:18  Overlord  
  14  0:29  Extractor x2, Drone  
  14  0:30  Drone  
  16  0:37  Drone  
  17  0:55  Hatchery  
  16  0:58  Drone  
  16  1:00  Drone  
  18  1:15  Spawning Pool  
  18  1:18  Extractor  
  16  1:20  Drone  
  16  1:22  Drone  
  18  1:27  Drone  
  19  1:41  Overlord  
  19  2:02  Zergling x4  
  19  2:03  Queen  
  19  2:07  Queen  
  19  2:08  Drone  
  26  2:10  Drone  
  27  2:20  Drone x2  
  29  2:26  Extractor  
  29  2:29  Drone  
  29  2:36  Drone  
  31  2:42  Spore Crawler  
  30  2:49  Overlord  
  30  2:50  Drone  
  31  2:53  Queen  
  31  2:54  Drone  
  35  2:58  Roach Warren  
  35  3:01  Drone  
  35  3:06  Drone  
  35  3:07  Overlord  
  36  3:18  Overlord  
  36  3:20  Drone x3  
  36  3:24  Drone x2  
  41  3:34  Overlord  
  41  3:38  Roach x4  
  49  4:04  Hatchery  
  49  4:07  Ravager x3  
  51  4:10  Ravager  
  51  4:13  Drone x4  
  56  4:23  Overlord  
  56  4:24  Overlord  
  56  4:25  Overlord  
  56  4:26  Extractor, Drone x4  
  56  4:27  Extractor, Drone x2  
  60  4:33  Drone  
  61  4:38  Queen  
  61  4:39  Overlord  
  63  4:46  Drone  
  63  4:50  Drone x5  
  63  4:52  Drone  
  70  5:04  Overlord  
  70  5:08  Roach x2  
  70  5:13  Evolution Chamber  
  73  5:15  Evolution Chamber  
  73  5:19  Drone x3  
  73  5:20  Drone x2  
  77  5:32  Roach x3  
  77  5:33  Overlord, Roach  
  85  5:37  Lair  
  85  5:46  Drone x4  
  89  6:01  Drone x6  
  95  6:11  Drone x4  
  98  6:12  Overlord  
  98  6:13  Overlord  
  98  6:14  Extractor  
  98  6:15  Zerg Missile Weapons Level 1, Drone, Zerg Ground Armor Level 1  
  98  6:16  Drone  
  100  6:29  Extractor, Drone x2  
  100  6:30  Overlord x2, Extractor  
  100  6:35  Glial Reconstitution  
  100  6:39  Drone x2  
  99  6:40  Drone  
  98  6:53  Overlord x3  
  98  6:54  Roach  
  98  6:55  Roach x2  
  104  7:02  Spore Crawler  
  104  7:03  Spore Crawler x3  
  104  7:04  Drone  
  104  7:05  Drone x4  
  99  7:16  Drone x3  
  99  7:22  Roach x6  
  114  7:26  Pneumatized Carapace  
  114  7:27  Roach x2  
  114  7:28  Roach x3  
  124  7:34  Roach  
  124  7:35  Roach  
  128  7:37  Ravager x3, Hatchery  
  128  7:38  Ravager x2  
  128  7:40  Roach  
  128  7:41  Overlord x3  
  128  7:42  Roach  
  136  7:45  Roach  
  136  7:46  Roach  
  136  7:48  Roach  
  142  7:52  Roach x2  
  142  7:57  Roach x2  
  150  8:04  Spore Crawler, Spine Crawler x2  
  150  8:05  Drone x4  
  150  8:07  Roach x2  
  150  8:10  Roach x2  
  159  8:16  Roach x2  
  159  8:17  Roach  
  165  8:24  Roach  
  165  8:25  Roach x2  
  171  8:30  Roach x2  
  171  8:31  Roach  
  177  8:45  Roach x3  
  177  8:46  Roach x2  
  187  9:03  Roach x3  
  187  9:05  Ravager x4, Spore Crawler  
  187  9:06  Extractor, Ravager x2  
  187  9:07  Spine Crawler x2  
  187  9:08  Spine Crawler  
  194  9:10  Spore Crawler  
  193  9:21  Roach x3  
  193  9:24  Zerg Ground Armor Level 2, Zerg Missile Weapons Level 2  
  192  10:13  Roach x2  
  126  10:24  Roach  
  126  10:25  Roach x6  
  126  10:26  Roach x4  
  126  10:27  Roach x6  
  126  10:28  Roach x2  
  127  10:32  Roach x2  
  127  10:33  Roach  
  118  10:36  Roach  
  118  10:42  Infestation Pit  
  116  10:43  Roach x2  
  120  10:50  Roach, Drone x3  
  120  10:51  Drone x2  
  120  10:54  Extractor  
  126  11:01  Roach x2  
  126  11:02  Ravager  
  126  11:03  Ravager x5  
  136  11:04  Roach  
  136  11:05  Roach x3  
  136  11:06  Roach x2  
  136  11:07  Roach x2, Hatchery  
  136  11:09  Roach  
  136  11:10  Roach  
  136  11:11  Roach  
  157  11:16  Roach x2  
  157  11:18  Roach  
  163  11:30  Roach  
  163  11:31  Roach x2  
  169  11:35  Drone  
  169  11:36  Drone x3  
  169  11:39  Roach  
  175  11:40  Roach  
  175  11:44  Ravager  
  175  11:45  Ravager x3  
  181  11:52  Drone x3  
  184  11:59  Roach x3  
  184  12:00  Roach x2  
Show
View Real Time Build Order
Export as new Build Order

Miszu Terran - Winner!

Build Orders: Liberator Opening, Reaper Expand, Bio Tank 

Get SALT Encoding   

  12  0:00  SCV  
  13  0:13  SCV  
  14  0:18  Supply Depot  
  14  0:25  SCV  
  15  0:39  SCV  
  15  0:41  Barracks  
  16  0:44  Refinery  
  16  0:51  SCV  
  17  1:03  SCV  
  18  1:15  SCV  
  19  1:28  Reaper, Orbital Command  
  20  1:40  Command Center  
  20  1:52  Supply Depot  
  20  1:53  SCV  
  21  2:00  Marine  
  22  2:07  SCV  
  23  2:14  Refinery  
  23  2:16  Factory  
  23  2:19  SCV  
  24  2:31  Barracks Reactor, SCV  
  25  2:44  SCV  
  26  2:52  Orbital Command  
  26  2:56  Bunker, SCV  
  27  3:01  Starport  
  27  3:02  Factory Tech Lab  
  27  3:07  Marine x2  
  27  3:08  SCV  
  30  3:17  SCV  
  31  3:21  SCV  
  31  3:23  Siege Tank  
  35  3:30  Marine x2, SCV, Liberator  
  35  3:33  SCV  
  39  3:34  Supply Depot  
  39  3:42  SCV  
  39  3:45  SCV  
  44  3:54  SCV  
  45  3:57  SCV  
  45  3:58  Supply Depot  
  46  4:04  Marine x2  
  46  4:06  SCV  
  46  4:09  SCV  
  50  4:12  Siege Tank  
  50  4:15  Command Center  
  53  4:20  SCV  
  53  4:23  Marine x2  
  55  4:30  Medivac  
  57  4:32  SCV  
  57  4:33  Supply Depot, SCV  
  57  4:38  Supply Depot  
  59  4:41  Marine  
  59  4:45  Barracks  
  60  4:46  Barracks  
  60  4:48  SCV x2  
  62  4:55  Marine, Siege Tank  
  66  5:00  SCV  
  64  5:08  Marine  
  64  5:10  Medivac  
  64  5:11  SCV  
  64  5:12  SCV  
  64  5:13  Marine, Refinery  
  70  5:17  Refinery  
  70  5:19  Supply Depot  
  70  5:21  Supply Depot  
  70  5:23  SCV  
  71  5:30  Orbital Command  
  71  5:31  Engineering Bay x2, SCV  
  71  5:33  Barracks Tech Lab x2  
  72  5:42  SCV  
  72  5:44  SCV  
  72  5:47  Starport Reactor  
  72  5:49  Barracks  
  73  5:50  Barracks  
  73  5:54  SCV  
  74  6:04  Terran Infantry Weapons Level 1, Terran Infantry Armor Level 1  
  74  6:07  Marine x4  
  74  6:10  SCV x2  
  80  6:16  Supply Depot  
  80  6:17  Supply Depot, Stimpack  
  80  6:24  Marine, Orbital Command  
  80  6:25  Marine x2  
  85  6:26  Marauder  
  85  6:30  Siege Tank  
  88  6:33  Medivac  
  88  6:39  Barracks Reactor  
  90  6:42  Marine  
  90  6:43  Marine x2  
  90  6:44  Barracks Reactor  
  90  6:46  Marine  
  93  7:00  Marine  
  93  7:01  Marine x2, Barracks  
  96  7:02  Barracks  
  96  7:03  Siege Tank  
  96  7:04  Marine, Medivac, Barracks  
  96  7:16  Marine x2  
  96  7:18  Marine x3  
  96  7:22  Marine  
  102  7:23  SCV  
  102  7:24  SCV x2  
  102  7:28  Marine x2  
  107  7:31  Medivac  
  107  7:33  Marine  
  107  7:35  SCV  
  107  7:36  Marine x2, SCV x2  
  118  7:37  Siege Tank  
  118  7:46  Supply Depot, Marine  
  118  7:47  SCV  
  118  7:48  SCV x2  
  122  7:51  Marine  
  122  7:55  Barracks Reactor x3  
  122  7:56  Barracks Tech Lab x2  
  122  7:57  Barracks Tech Lab  
  123  7:59  SCV  
  123  8:00  Refinery, SCV  
  123  8:02  Refinery  
  123  8:04  Armory  
  125  8:08  Marine x3, Marauder x2, SCV  
  133  8:14  SCV  
  133  8:21  Marine x2  
  133  8:31  Marauder, Marine, Medivac, Siege Tank  
  133  8:32  Supply Depot x2  
  133  8:33  Supply Depot  
  141  8:34  Supply Depot  
  141  8:36  Supply Depot  
  141  8:51  Terran Infantry Weapons Level 2  
  141  8:53  Terran Infantry Armor Level 2, Marine x8  
  141  8:54  Marine x3  
  152  9:03  Supply Depot x2, Siege Tank  
  152  9:05  Supply Depot, Factory  
  155  9:11  Marine x2  
  155  9:14  Marine  
  155  9:15  Supply Depot, Marauder  
  159  9:22  Marine, Medivac  
  159  9:23  Marine, Marauder  
  165  9:28  Medivac  
  167  9:35  Siege Tank  
  170  9:49  Marine, Marauder, Factory Tech Lab  
  170  9:50  Marine x8, Marauder  
  183  9:53  Combat Shields  
  183  9:54  Concussive Shells  
  182  10:07  Marine  
  182  10:08  Marine x8  
  182  10:09  Marine  
  182  10:11  Marine  
  140  10:26  Marauder  
  106  10:28  Marine  
  106  10:29  Marauder, SCV  
  106  10:31  Marine, Marauder  
  106  10:32  Marine x6, Hellion, Siege Tank  
  124  10:37  Medivac  
  126  10:44  Medivac  
  126  10:46  Marine  
  126  10:48  Marauder  
  126  10:49  Marine  
  132  10:53  Siege Tank  
  132  10:55  Marauder  
  137  11:04  Siege Tank  
  137  11:06  Command Center  
  137  11:07  Medivac  
  137  11:09  Sensor Tower  
  137  11:10  Marine x4, Marauder  
  148  11:14  Medivac  
  150  11:18  Refinery  
  150  11:29  Siege Tank  
  151  11:34  Marauder  
  151  11:35  Marine  
  151  11:36  Marine x8, Marauder  
  164  11:53  Marine  
  164  11:54  Marine x4, Marauder  
  171  12:01  Marine  
  171  12:02  Marine x3, Marauder  
  177  12:09  Medivac  
  177  12:11  Marine  
  177  12:12  Marine x2, Medivac  
  184  12:16  Marauder  
  184  12:19  Marine  
  184  12:20  Marauder  
Tags
 
Add a new tag
Caveats
  • Supply blocks, unpowered buildings, or Contaminate may cause inaccurate times.
  • Supply counts are checked every 10 seconds.